 Dungeon Crawl Stone Soup version 0.31-a0-344-gd109795599 (webtiles) character file.

Game seed: 11583458896129683642

58 garrulousMonolith the Changeling (level 4, -5/29 HPs)
             Began as an Octopode Shapeshifter on July 21, 2023.
             Slain by a gnoll
             ... wielding a +0 halberd
              (7 damage)
             ... on level 2 of the Dungeon.
             The game lasted 00:01:14 (1145 turns).

garrulousMonolith the Changeling (OpSh)             Turns: 1145, Time: 00:01:14

Health: -5/29      AC:  1    Str: 14    XL:     4   Next: 2%
Magic:  4/4        EV: 13    Int: 10    God:
Gold:   41         SH:  4    Dex: 14    Spells: 3/3 levels left

rFire   . .          .
                       - Unarmed
rCold   . . .        e - +0 buckler
rNeg    . . .        (helmet currently unavailable)
rPois   .            (no amulet)
rElec   .            (no ring)
rCorr   .            (no ring)
SInv    .            (no ring)
Will    .....        (no ring)
Stlth   +++          (no ring)
HPRegen 0.24/turn    (no ring)
MPRegen 0.09/turn    (no ring)
                     (no ring)

%: no passive effects
@: beast-form
A: beast (slay +2), almost no armour, amphibious, 8 rings, camouflage 1,
gelatinous body 1, (nimble swimmer 1), tentacles
a: Begin Untransformation


You were on level 2 of the Dungeon.
You were a hulking beast.
You visited 1 branch of the dungeon, and saw 2 of its levels.

You collected 41 gold pieces.

Inventory:

Armour
 e - a +0 buckler (worn)
Jewellery
 j - a ring of see invisible
Talismans
 b - a beast talisman
Scrolls
 c - a scroll of fear {unknown}
 d - 2 scrolls of identify {unknown}
 g - a scroll of revelation {unknown}
 i - a scroll of teleportation {unknown}
Potions
 a - a potion of lignification
 f - a potion of resistance {unknown}
 h - a potion of mutation {unknown}


   Skills:
 + Level 1.7 Fighting
 + Level 2.4 Dodging
 + Level 1.5 Stealth
 + Level 1.0 Shields
 + Level 3.2 Unarmed Combat
 * Level 3.3 Shapeshifting


You had 3 spell levels left.
You didn't know any spells.
Your spell library was empty.

Dungeon Overview and Level Annotations

Branches:
Dungeon (2/15)

Altars:


Innate Abilities, Weirdness & Mutations

You are a hulking beast.
Your limbs bulge with bestial killing power. (Slay +2)
You cannot wear most types of armour.
You are amphibious.
You can wear up to eight rings at the same time.
Your skin changes colour to match your surroundings (Stealth+).
Your rubbery body absorbs attacks. (AC +1, EV +1)
((You are camouflaged when in or above water. (Stealth+)))
You have tentacles for arms and can constrict up to eight enemies at once.


Message History

A gnoll is nearby!
Things that are here:
a +0 club; a gnoll corpse No target in view!
No target in view!
What are your orders? t - Shout!
Orders for allies: a - Attack new target. r - Retreat! s - Stop attacking. g - Guard the area. f - Follow me.
Anything else - Cancel.
You shout for attention!
You hear a shout! x3
A gnoll comes into view. It is wielding a +0 halberd.
The gnoll shouts!
The gnoll barely misses you.
You tentacle-slap the gnoll. You grab the gnoll.
You squeeze the gnoll, but do no damage.
The gnoll is moderately wounded.
You constrict the gnoll, but do no damage.
The gnoll closely misses you. x2
You tentacle-slap the gnoll.
The gnoll is almost dead.
You constrict the gnoll, but do no damage.
The gnoll hits you with a +2 flail of holy wrath!
Ouch! That really hurt!
The gnoll completely misses you.
You are too injured to fight recklessly!
You are too injured to fight recklessly!
You are too injured to fight recklessly!
You tentacle-slap the gnoll.
You kill the gnoll!
The gnoll closely misses you.
Your Shields skill increases to level 1!
You have reached level 4!
You tentacle-slap the gnoll. You grab the gnoll.
The gnoll is heavily wounded.
You constrict the gnoll. The gnoll hits you with a +0 flail!
* * * LOW HITPOINT WARNING * * *
The gnoll hits you from afar with a +0 halberd!
You die...

.......#.#....#...###♣.♣.♣.♣.
.......#.####.#.### #.......
#.............########.......
#.........♣P.................
#.......PPP..........####....
#.......♣♣♣♣♣.(......#######.
#........[♣P..r......... ..
#............gg......... ...
#.......PP..h###.......g
#......P♣....# #......[.
##.#..♣♣♣P)### #......!.
#.#.♣P♣..P# #[..<....
#...PPP♣..# ##....... ##
#....## ....... ###### ......


You could see 2 gnolls and a rat.

Vanquished Creatures
  2 gnolls (D:2)
  5 ball pythons (D:1)
  2 endoplasms (D:1)
  A goblin (D:2)
  4 hobgoblins (D:1)
  10 jackals (D:1)
  2 quokkas (D:1)
  4 bats (D:1)
  2 frilled lizards (D:1)
  A kobold (D:1)
  A rat (D:1)
34 creatures vanquished.

Notes
Turn   | Place    | Note
-------+----------+-------------------------------------------
     0 | D:1      | garrulousMonolith the Octopode Shapeshifter began the quest
                  | for the Orb.
     0 | D:1      | Reached XP level 1. HP: 13/13 MP: 1/1
    46 | D:1      | Reached XP level 2. HP: 18/18 MP: 2/2
   109 | D:1      | Reached skill level 1 in Stealth
   231 | D:1      | Reached XP level 3. HP: 23/23 MP: 3/3
  1145 | D:2      | Reached skill level 1 in Shields
  1145 | D:2      | Reached XP level 4. HP: 15/29 MP: 4/4
  1145 | D:2      | Slain by a gnoll

Illustrated notes

Levels and vault maps discovered:
D:1:      nicolae_arrival_washed_ashore, layout_loops_ring
D:2:      layout_basic, serial_forest, infiniplex_forest_lined_2,
          infiniplex_forest_lined_4_way, infiniplex_forest_end_1,
          infiniplex_forest_lined_2, infiniplex_forest_clump_double,
          infiniplex_forest_straight_2, infiniplex_forest_end_1,
          infiniplex_forest_lined_2

Skill      XL: |  1  2  3 |
---------------+----------+-----
Stealth        | 1 |  1.5
Shields        | 1 |  1.0
Fighting       | |  1.7
Dodging        | |  2.4
Unarmed Combat | |  3.2
Shapeshifting  | |  3.3

Action                     |  1- 3 |  4- 6 || total
---------------------------+-------+-------++-------
  Melee: Unarmed           |    61 |     1 ||    62
         Constrict         |    13 |     1 ||    14
         Tentacles         |    12 |       ||    12
         Punch             |     1 |       ||     1
   Stab: Sleeping          |     6 |       ||     6
 Armour: Skin              |     6 |       ||     6
  Dodge: Dodged            |    30 |       ||    30
  Block: Buckler           |     2 |       ||     2

Table legend: (Time is in decaauts)
 A = Elapsed time spent in this place.
 B = Non-inter-level travel time spent in this place.
 C = Inter-level travel time spent in this place.
 D = Time resting spent in this place.
 E = Time spent auto-exploring this place.
 F = Levels seen in this place.
 G = Mean time per level.
                   A        B        C        D        E       F      G
               +--------+--------+--------+--------+--------+-----+--------+
         Total |   1143 |   1095 |     48 |    122 |    779 |   2 |  571.5 |
       Dungeon |   1143 |   1095 |     48 |    122 |    779 |   2 |  571.5 |
               +--------+--------+--------+--------+--------+-----+--------+

Top non-repeatable levels by time:
     D:1: 746 daAuts
     D:2: 396 daAuts
